 Dungeon Crawl Stone Soup version 0.31-a0-1469-gd420192249 (webtiles) character file.

Game seed: 17936805417422395989

19 silenth the Trooper (level 2, 31/31 HPs)
             Began as an Oni Warper on Dec 28, 2023.
             Was a Follower of Sif Muna.
             Quit the game on level 1 of the Dungeon.
             The game lasted 00:00:56 (1116 turns).

silenth the Trooper (Oni Warper)                    Turns: 1116, Time: 00:00:56

Health: 31/31      AC:  3    Str: 14    XL:     2   Next: 75%
Magic:  5/5        EV:  9    Int: 14    God:    Sif Muna [*.....]
Gold:   62         SH:  0    Dex:  8    Spells: 1/5 levels left

rFire   . . .        a - +0 mace
rCold   . . .        (no shield)
rNeg    . . .        b - +0 robe
rPois   .            (helmet restricted)
rElec   .            (no cloak)
rCorr   .            (gloves unavailable)
SInv    .            (boots unavailable)
Will    .....        (no amulet)
Stlth   +            i - ring of flight
HPRegen 0.25/turn    (no ring)
MPRegen 0.09/turn

%: no passive effects
@: flying
A: large, unfitting armour, horns 1, tough skin 1, double potion healing,
drunken brawling
a: Renounce Religion, Channel Magic


You were on level 1 of the Dungeon.
You worshipped Sif Muna.
Sif Muna was aware of your devotion.
You visited 1 branch of the dungeon, and saw 1 of its levels.

You collected 62 gold pieces.

Inventory:

Hand Weapons
 a - a +0 mace (weapon)
Missiles
 d - 7 darts of dispersal (quivered)
Armour
 b - a +0 robe (worn)
Jewellery
 i - a ring of flight (left hand)
Scrolls
 c - a scroll of blinking
 f - a scroll of silence {unknown}
 h - a scroll of fog {unknown}
 j - a scroll of amnesia {unknown}
 k - a scroll of identify {unknown}
Potions
 e - a potion of curing {unknown}
 g - a potion of enlightenment {unknown}


   Skills:
 + Level 3.3 Fighting
 * Level 2.9 Maces & Flails
 - Level 1.0 Throwing
 - Level 2.1 Dodging
 - Level 2.4 Spellcasting
 - Level 2.6 Translocations


You had one spell level left.
You knew the following spells:

 Your Spells              Type           Power      Damage    Failure   Level
a - Blink                 Tloc           18%        N/A       12%         2
b - Lesser Beckoning      Tloc           18%        N/A       12%         2

Your spell library contained the following spells:

 Spells                   Type           Power      Damage    Failure   Level
 Teleport Other           Tloc           9%         N/A       22%         3
 Ensorcelled Hibernation  Hex/Ice        2%         N/A       34%         2
 Passwall                 Erth           1%         N/A       56%         3
 Swiftness                Air            1%         N/A       56%         3
 Manifold Assault         Tloc           9%         N/A       58%         4
 Vhi's Electric Charge    Tloc/Air       10%        N/A       78%         4


Dungeon Overview and Level Annotations

Branches:
Dungeon (1/15)

Altars:
Sif Muna


Innate Abilities, Weirdness & Mutations

You are too large for most types of armour.
You have a pair of small horns on your head.
You have tough skin. (AC +1)
You gain doubled healing and magic from potions.
Whenever you drink a healing potion, you attack all around you.


Message History

You see here a +0 dagger.
There is an open door here.
There is a large open door here.
There is a large open door here.
You reach down and open the door.
There is an open door here.
You now have 62 gold pieces (gained 13).
There is a stone staircase leading down here.
Key pressed, stopping explore.
As you open the door, it creaks loudly!
No target in view!
No target in view!
No target in view!
There is an open door here.
You reach down and open the door.
You reach down and open the door.
A kobold comes into view. It is wielding a +0 short sword.
Found a faded altar of an unknown god.
A kobold is nearby!
A kobold is nearby!
A kobold is nearby!
You closely miss the kobold. The kobold hits you but does no damage.
You hit the kobold. Your headbutt misses the kobold.
The kobold is severely wounded.
The kobold hits you with a +0 short sword.
The kobold barely misses you.
You closely miss the kobold. Your headbutt misses the kobold.
The kobold is heavily wounded.
The kobold barely misses you.
You sock the kobold!
You kill the kobold!
There is an open door here.
Things that are here:
a +0 short sword; 2 stones
There is a faded altar of an unknown god here.
This altar belongs to (a) Vehumet, (b) Sif Muna or (c) Gozag, but you can't tell which.
Press the corresponding letter to learn more about a god, or press enter to convert or escape to cancel.
Sif Muna accepts your prayer! Sif Muna welcomes you!
You can now call upon Sif Muna for magical energy.
Are you sure you want to abandon this character and quit the game? (Confirm with "yes".)

####.....##........#
#.. #.....####'#.####
#.. #.....# #.#..# ###
####### ▒▒▒▒▒)▒▒▒▒▒
▒....#....▒
###########▒..▒▒#▒▒..▒
...........▒....#....▒
###########▒....#....▒
...........▒.▒▒▒@▒▒▒.▒
###########▒....#....▒
▒....#....▒
▒..▒▒#▒▒..▒ ▒.. .#.
..▒ ▒▒ ▒+▒ ▒▒


There were no monsters in sight!

Vanquished Creatures
  A dart slug (D:1)
  3 bats (D:1)
  2 endoplasms (D:1)
  3 giant cockroaches (D:1)
  A hobgoblin (D:1)
  A quokka (D:1)
  A goblin (D:1)
  2 kobolds (D:1)
  A rat (D:1)
15 creatures vanquished.

Notes
Turn   | Place    | Note
-------+----------+-------------------------------------------
     0 | D:1      | silenth the Oni Warper began the quest for the Orb.
     0 | D:1      | Reached XP level 1. HP: 22/22 MP: 3/3
   284 | D:1      | Reached skill level 3 in Fighting
   284 | D:1      | Reached XP level 2. HP: 21/31 MP: 5/5
   327 | D:1      | Learned a level 2 spell: Blink
   330 | D:1      | Learned a level 2 spell: Lesser Beckoning
  1102 | D:1      | Found a faded altar of an unknown god.
  1115 | D:1      | Prayed at the altar of an unknown god.
  1115 | D:1      | Became a worshipper of Sif Muna the Loreminder
  1115 | D:1      | Reached * piety under Sif Muna
  1116 | D:1      | Quit the game

Illustrated notes

Levels and vault maps discovered:
D:1:      saegor_arrival_simple_e, layout_basic,
          shapermc_ecumenical_altar_notcrosses

Skill      XL: |  1 |
---------------+----+-----
Fighting       | 3 |  3.3
Maces & Flails | |  2.9
Throwing       | |  1.0
Dodging        | |  2.1
Spellcasting   | |  2.4
Translocations | |  2.6

Action                     || total
---------------------------++-------
  Melee: Mace              ||    51
         Headbutt          ||     7
 Armour: Robe              ||    29
  Dodge: Dodged            ||    43

Table legend: (Time is in decaauts)
 A = Elapsed time spent in this place.
 B = Non-inter-level travel time spent in this place.
 C = Inter-level travel time spent in this place.
 D = Time resting spent in this place.
 E = Time spent auto-exploring this place.
 F = Levels seen in this place.
 G = Mean time per level.
                   A        B        C        D        E       F      G
               +--------+--------+--------+--------+--------+-----+--------+
         Total |   1129 |   1129 |      0 |    112 |    865 |   1 | 1129.0 |
       Dungeon |   1129 |   1129 |      0 |    112 |    865 |   1 | 1129.0 |
               +--------+--------+--------+--------+--------+-----+--------+

Top non-repeatable levels by time:
     D:1: 1129 daAuts
